 Dungeon Crawl Stone Soup version 0.31.0-11-ge490571c62 (webtiles) character file.

Game seed: 14938206174151315426

3217 Minsecho the Covert (level 9, -4/46 HPs)
             Began as a Spriggan Monk on Feb 2, 2024.
             Killed from afar by an electric eel (9 damage)
             ... with a bolt of electricity
             ... on level 8 of the Dungeon.
             The game lasted 00:21:05 (10243 turns).

Minsecho the Covert (Spriggan Monk)                Turns: 10243, Time: 00:21:06

Health: -4/46      AC:  4    Str: 11    XL:     9   Next: 65%
Magic:  10/10      EV: 23    Int: 17    God:
Gold:   304        SH:  5    Dex: 18    Spells: 8/8 levels left

rFire   . . .        p - +0 dagger (elec)
rCold   . . .        (no shield)
rNeg    . . .        b - +0 robe
rPois   .            (helmet restricted)
rElec   .            D - +1 cloak
rCorr   .            (gloves unavailable)
SInv    +            (boots unavailable)
Will    +....        e - amulet of reflection
Stlth   ++++         l - ring of flight
HPRegen 0.27/turn    y - +6 ring of intelligence
MPRegen 0.12/turn

%: reflection
@: silenced, flying, very quick
A: very small, no large weapons, unfitting armour, see invisible, speed 3
a: no special abilities


You were on level 8 of the Dungeon.
You visited 2 branches of the dungeon, and saw 9 of its levels.

You collected 352 gold pieces.
You spent 48 gold pieces at shops.

Inventory:

Hand Weapons
 a - a +0 short sword
 c - a +2 dagger of protection
 o - a +0 short sword
 p - a +0 dagger of electrocution (weapon)
 F - a +2 dagger of speed
Armour
 b - a +0 robe (worn)
 D - a +1 cloak (worn)
Magical Staves
 x - a staff of alchemy
Jewellery
 e - an amulet of reflection (around neck)
 l - a ring of flight (left hand)
 n - an amulet of magic regeneration
 y - a +6 ring of intelligence (right hand)
Wands
 g - a wand of polymorph (8)
 C - a wand of paralysis (10)
Scrolls
 d - 2 scrolls of silence
 f - a scroll of acquirement {unknown}
 h - a scroll of blinking {unknown}
 k - a scroll of revelation {unknown}
 m - 2 scrolls of poison {unknown}
 q - a scroll of summoning {unknown}
 r - 2 scrolls of enchant armour {unknown}
 s - 2 scrolls of teleportation {unknown}
 t - a scroll of enchant weapon {unknown}
 u - a scroll of brand weapon {unknown}
 v - 2 scrolls of immolation {unknown}
 z - a scroll of identify
 B - 2 scrolls of vulnerability {unknown}
 E - a scroll of torment {unknown}
 G - a scroll of fog {unknown}
Potions
 i - a potion of magic
 j - a potion of mutation
 w - a potion of enlightenment
 A - a potion of haste {unknown}
 I - a potion of curing
 J - a potion of brilliance {unknown}


   Skills:
 + Level 4.7 Fighting
 + Level 8.7 Short Blades
 + Level 1.6 Throwing
 + Level 9.4 Dodging
 * Level 10.1 Stealth
 + Level 2.8 Shields
 + Level 1.6 Evocations


You had 8 spell levels left.
You didn't know any spells.
Your spell library contained the following spells:

 Spells                   Type           Power      Damage    Failure   Level
 Lesser Beckoning         Tloc           0%         N/A       34%         2
 Call Canine Familiar     Summ           0%         N/A       56%         3
 Gell's Gravitas          Tloc           0%         N/A       56%         3
 Sigil of Binding         Hex            0%         N/A       56%         3
 Summon Ice Beast         Ice/Summ       0%         N/A       56%         3
 Teleport Other           Tloc           0%         N/A       56%         3
 Dimensional Bullseye     Hex/Tloc       0%         N/A       93%         4
 Summon Mana Viper        Hex/Summ       0%         N/A       100%        5
 Monstrous Menagerie      Summ           0%         N/A       100%        7


Dungeon Overview and Level Annotations

Branches:
Dungeon (8/15)             Temple (1/1) D:7
   Lair: D:8-11

Altars:
Ashenzari
Cheibriados
Dithmenos
Elyvilon
Fedhas
Gozag
Kikubaaqudgha
Makhleb
Okawaru
Sif Muna
Trog
Vehumet
Xom
Yredelemnul

Shops:
D:6 *


Innate Abilities, Weirdness & Mutations

You are very small and have problems with some larger weapons.
You are too small for most types of armour.
You have supernaturally acute eyesight. (SInv)
You cover ground extremely quickly. (Speed+++)


Message History

The electric eel shoots out a bolt of lightning at you!
The bolt of electricity hits you!
* * * LOW HITPOINT WARNING * * *
Okay, then.
The wight hits you with a +4 spear.
* * * LOW HITPOINT WARNING * * *
As you read the scroll labelled CUNAIH GACZI, it crumbles to dust.
A profound silence engulfs you.
It was a scroll of silence.
Magic scrolls do not work when you're silenced!
You feel much better. The wight hits you with a +4 spear!
Aiming: Paralyse
Press: ? - help, Shift-Dir - straight line, f - wight
Aim: a wight, wielding a +4 spear and wearing a +0 robe (silenced, chance to affect: 52%)
The wight resists with significant effort.
The wight completely misses you. The wight hits you with a +4 spear.
You feel drained.
Aiming: Paralyse
Press: ? - help, Shift-Dir - straight line, f - wight, p - wight
Aim: a wight, wielding a +0 war axe and wearing a +0 robe (silenced, chance to affect: 52%)
The wight suddenly stops moving!
The wight completely misses you.
Unknown command.
The helpless wight fails to defend itself.
You skewer the wight like a kebab!!!!
You destroy the wight!
Your life force feels restored.
Aiming: Paralyse
Press: ? - help, Shift-Dir - straight line, f - wight
Aim: a wight, wielding a +4 spear and wearing a +0 robe (silenced, chance to affect: 52%)
The wight resists with significant effort.
The electric eel shoots out a bolt of lightning at you!
The bolt of electricity hits you!
* * * LOW HITPOINT WARNING * * *
The wight completely misses you.
Aiming: Paralyse
Press: ? - help, Shift-Dir - straight line, f/p - wight
Aim: a wight, wielding a +4 spear and wearing a +0 robe (silenced, chance to affect: 52%)
The wight resists with significant effort.
The electric eel shoots out a bolt of lightning at you!
The bolt of electricity hits you!
You die...

.~~ ..~≈ ~~≈≈≈
≈P≈~S##
≈≈≈PP..##
≈~~~S...#
≈~≈~~~.....####
~≈≈~~.....#...#
~≈≈~~.....#@z.#
≈≈~~~.##..##).#
≈≈P.P.##..##..#
≈≈~.....zz....#
≈PP.......##..#
≈P~~......##)##
≈P~..##'####.)#
~≈.........#..#
~~~........#..#


You could see an electric eel and a wight.

Vanquished Creatures
  Maurice (D:7)
  Sigmund (D:3)
  A wyvern (D:7)
  Grum (D:8)
  A steam dragon (D:7)
  An orc warrior (D:5)
  A black bear (D:7)
  An ice beast (D:6)
  An ogre (D:5)
  3 wolves
  A centaur (D:8)
  3 bullfrogs
  A kobold brigand (D:8)
  2 scorpions (D:6)
  A wight (D:8)
  A howler monkey (D:6)
  A bombardier beetle (D:5)
  4 hounds
  2 jellies
  7 orc priests
  Crazy Yiuf (D:7)
  5 iguanas
  A sleepcap (D:5)
  8 orc wizards
  Robin (D:4)
  9 gnolls
  10 adders
  A white imp (D:5)
  An ufetubus (D:7)
  3 dart slugs
  2 ribbon worms (D:2)
  33 orcs
  5 ball pythons
  3 endoplasms
  3 giant cockroaches
  19 goblins
  10 hobgoblins
  3 jackals (D:5)
  3 quokkas
  5 bats
  4 frilled lizards
  8 kobolds
  8 rats
  A ballistomycete spore (D:5)
182 creatures vanquished.

Vanquished Creatures (others)
  A gnoll (D:7)
  An ufetubus (D:7)
  7 ballistomycete spores (D:5)
9 creatures vanquished.

Grand Total: 191 creatures vanquished

Notes
Turn   | Place    | Note
-------+----------+-------------------------------------------
     0 | D:1      | Minsecho the Spriggan Monk began the quest for the Orb.
     0 | D:1      | Reached XP level 1. HP: 11/11 MP: 2/2
   142 | D:1      | Reached XP level 2. HP: 12/16 MP: 3/3
   423 | D:1      | Found a faded altar of an unknown god.
   814 | D:1      | Reached XP level 3. HP: 19/19 MP: 4/4
  1612 | D:2      | Reached XP level 4. HP: 20/23 MP: 5/5
  1844 | D:3      | Reached skill level 5 in Dodging
  1918 | D:3      | Reached skill level 1 in Stealth
  2046 | D:3      | Reached XP level 5. HP: 22/28 MP: 6/6
  2086 | D:3      | Reached skill level 5 in Short Blades
  2346 | D:3      | Found a basalt altar of Yredelemnul.
  3006 | D:3      | Reached skill level 2 in Stealth
  3095 | D:4      | Reached XP level 6. HP: 32/32 MP: 7/7
  3125 | D:3      | Reached skill level 1 in Throwing
  3540 | D:4      | Noticed Sigmund
  3718 | D:4      | Noticed Robin
  3739 | D:4      | Reached skill level 3 in Stealth
  3771 | D:4      | Killed Robin
  4177 | D:5      | Entered Level 5 of the Dungeon
  4307 | D:3      | Killed Sigmund
  4308 | D:3      | Reached XP level 7. HP: 29/37 MP: 8/8
  4588 | D:5      | Reached skill level 4 in Stealth
  4620 | D:5      | Found a radiant altar of Vehumet.
  4974 | D:5      | Reached skill level 5 in Stealth
  5176 | D:5      | Reached skill level 6 in Stealth
  5427 | D:5      | Found an iron altar of Okawaru.
  5696 | D:5      | Found a bloodstained altar of Trog.
  5961 | D:6      | Reached skill level 1 in Shields
  6007 | D:6      | Reached XP level 8. HP: 42/42 MP: 9/9
  6107 | D:6      | Found Rosyor's General Store.
  6168 | D:6      | Bought a scroll of identify for 24 gold pieces
  6168 | D:6      | Bought a scroll of identify for 24 gold pieces
  6823 | D:7      | Noticed Maurice
  6940 | D:7      | Reached skill level 7 in Stealth
  7605 | D:7      | Found a staircase to the Ecumenical Temple.
  7617 | Temple   | Entered the Ecumenical Temple
  7796 | D:7      | Reached skill level 8 in Stealth
  7995 | D:7      | Maurice stole a +2 dagger of speed
  8203 | D:7      | Paralysed by Maurice for 4 turns
  8344 | D:7      | Reached XP level 9. HP: 46/46 MP: 10/10
  8372 | D:7      | Found the +6 shillelagh "Devastator" {shatter}
  8384 | D:7      | Found a runed translucent door.
  8385 | D:7      | Noticed Crazy Yiuf
  8392 | D:7      | Killed Crazy Yiuf
  8528 | D:8      | Noticed Grum
  9534 | D:7      | Reached skill level 9 in Stealth
  9647 | D:7      | Killed Maurice
  9648 | D:7      | Reached skill level 1 in Evocations
  9878 | D:8      | Killed Grum
  9889 | D:8      | Reached skill level 10 in Stealth
 10243 | D:8      | Killed from afar by an electric eel

Illustrated notes

Levels and vault maps discovered:
D:1:      dpeg_arrival_radiant, layout_loops_ring,
          ebering_ecumenical_altar_petrified, minivault_27,
          hangedman_decor_push, minivault_23
D:2:      wad_pebble_path, layout_loops_ring
D:3:      layout_basic, mainiacjoe_overflow_small_starburst, nrook_campfire
D:4:      layout_layer_cave, uniq_sigmund, uniq_robin
D:5:      layout_gridville, general_overflow_altar, kennysheep_mini_moat,
          mainiacjoe_overflow_surrounded_room
D:6:      layout_basic, serial_shops, shop
D:7:      layout_cave_pools, minmay_temple_entry_tees, uniq_maurice,
          uniq_crazy_yiuf_cottage
D:8:      layout_gridville, chequers_big_river, uniq_grum
Temple:   eino_temple_lava

Skill      XL: |  1  2  3  4  5  6  7  8  9 |
---------------+----------------------------+-----
Short Blades   | 4 5 6 8 |  8.7
Fighting       | 3 4 |  4.7
Dodging        | 5 6 7 9 |  9.4
Stealth        | 1 2 3 6 8 10 | 10.1
Throwing       | 1 |  1.6
Shields        | 1 2 |  2.8
Evocations     | 1 |  1.6

Action                     |  1- 3 |  4- 6 |  7- 9 || total
---------------------------+-------+-------+-------++-------
  Melee: Short sword       |    48 |       |       ||    48
         Dagger            |   131 |   314 |   451 ||   896
         Punch             |       |       |     8 ||     8
  Throw: Boomerang         |       |    17 |       ||    17
  Evoke: Wand              |       |       |    13 ||    13
    Use: Potion            |     1 |     1 |     3 ||     5
         Scroll            |       |     5 |     2 ||     7
   Stab: Sleeping          |     1 |     1 |     3 ||     5
         Distracted        |       |     1 |     1 ||     2
         Paralysed         |       |       |     6 ||     6
 Armour: Robe              |    37 |    43 |   114 ||   194
         Skin              |       |    12 |       ||    12
  Dodge: Dodged            |    93 |    99 |   295 ||   487
  Block: Other             |       |       |    74 ||    74
         Reflection        |       |       |     3 ||     3
